 Dungeon Crawl Stone Soup version 0.17-a0-226-ge260c71 (webtiles) character file.

21590 PolkaDot the Martial Artist (level 12, 0/108 HPs)
             Began as a Black Draconian Monk on Mar 27, 2015.
             Was a High Priest of Dithmenos.
             Slain by Snorg (14 damage)
             ... on level 6 of the Lair of Beasts on Mar 28, 2015.
             The game lasted 01:10:05 (20565 turns).

PolkaDot the Martial Artist (Black Draconian Monk) Turns: 20565, Time: 01:10:05

Health: 0/108      AC: 12    Str: 22 (24) XL:     12   Next: 55%
Magic:  20/20      EV: 17    Int: 11 (14) God:    Dithmenos [*****.]
Gold:   860        SH:  0    Dex: 12      Spells: 1 memorised, 7 levels left

rFire  + . .     SeeInvis .       - Unarmed
rCold  . . .     Clarity  .     (armour unavailable)
rNeg   . . .     SustAb   .     (no shield)
rPois  .         Gourm    .     (helmet restricted)
rElec  +         Spirit   .     F - +0 cloak of the Orb Guardian {+Inv Str+3 Dex-5}
rCorr  .         Warding  .     I - +2 pair of gloves
rMut   .         Stasis   .     (no boots)
MR     +....                    w - amulet of faith
Stlth  +.........               y - ring of protection from magic
                                x - +4 ring of intelligence

@: confused, mighty, lethally poisoned (0 -> -1), short of breath, wreathed by
umbra, somewhat resistant to hostile enchantments, very unstealthy
A: breathe lightning, unfitting armour, big wings, deterioration 1, fire
resistance 1, sense surroundings 1, electricity resistance, cold-blooded, AC +8
a: Breathe Lightning, Fly, Shadow Step, Shadow Form, Renounce Religion, Evoke
Invisibility


You were on level 6 of the Lair of Beasts.
You worshipped Dithmenos.
Dithmenos was extremely pleased with you.
You were not hungry.

You visited 3 branches of the dungeon, and saw 15 of its levels.
You also visited: Sewer.

You collected 860 gold pieces.

Inventory:

Armour
 F - the +0 cloak of the Orb Guardian (worn) {+Inv Str+3 Dex-5}
   (You acquired it on level 2 of the Lair of Beasts)

   It affects your strength (+3).
   It affects your dexterity (-5).
   It lets you turn invisible.
 I - a +2 pair of gloves (worn)
Jewellery
 c - an uncursed ring of ice
 j - an uncursed ring of ice
 w - an amulet of faith (around neck)
 x - a +4 ring of intelligence (left hand)
 y - a ring of protection from magic (right hand)
Magical devices
 e - a wand of paralysis (3)
 m - a wand of disintegration (3)
 r - a wand of frost (28)
 B - a wand of lightning (5)
Scrolls
 a - 3 scrolls of amnesia
 h - 2 scrolls of vulnerability
 l - 2 scrolls of random uselessness {unknown}
 n - a scroll of enchant weapon {unknown}
 p - 3 scrolls of magic mapping
 q - 5 scrolls of remove curse
 t - a scroll of fog
 C - a scroll of brand weapon {unknown}
Potions
 d - 2 potions of curing
 s - a potion of brilliance
 u - a potion of magic
 D - a potion of flight
 E - a potion of resistance
Books
 f - a book of Annihilations {highlevel, unknown}

   This book is beyond your current level of understanding.

   Spells                             Type                      Level
   a - Poison Arrow                   Conjuration/Poison           6
   b - Chain Lightning                Conjuration/Air              8
   c - Lehudib's Crystal Spear        Conjuration/Earth            8
   d - Glaciate                       Conjuration/Ice              9
   e - Fire Storm                     Conjuration/Fire             9
 z - a Grand Grimoire {highlevel, unknown}

   This book is beyond your current level of understanding.

   Spells                             Type                      Level
   a - Aura of Abjuration             Summoning                    6
   b - Summon Greater Demon           Summoning                    7
   c - Malign Gateway                 Summoning/Translocation      7
   d - Summon Horrible Things         Summoning                    8
Comestibles
 b - 2 bread rations
 g - 7 chunks of flesh
 k - 2 royal jellies
 o - 3 slices of pizza
 v - 2 beef jerkies
 A - 2 meat rations


   Skills:
 - Level 10.8 Fighting
 + Level 10.2 Dodging
 - Level 1.7 Stealth
 * Level 14.8 Unarmed Combat
 + Level 5.0 Evocations


You had 7 spell levels left.
You knew the following spells:

 Your Spells              Type           Power        Failure   Level  Hunger
a - Control Teleport      Chrm/Tloc      #.........   100%        4    #####..


Dungeon Overview and Level Annotations

Branches:
Dungeon (10/15)            Temple (1/1) D:4            Lair (6/8) D:10
    Orc (0/4) D:9
  Swamp: Lair:3-6    Shoals: Lair:3-6     Snake: Lair:3-6    Spider: Lair:3-6
  Slime: Lair:6-8

Altars:
Ashenzari
Cheibriados
Dithmenos
Elyvilon
Fedhas
Gozag
Kikubaaqudgha
Makhleb
Nemelex Xobeh
Okawaru
Qazlal
Ru
Sif Muna
Trog
Vehumet
Xom
Yredelemnul
Zin
The Shining One

Shops:
D:4 :   D:6 *

Annotations:
D:10 Nergalle
Lair:1 exclusion: hydra
Lair:6 Snorg


Innate Abilities, Weirdness & Mutations

You can breathe wild blasts of lightning.
Your glossy black scales are hard (AC +8).
Your body does not fit into most forms of armour.
You are resistant to electric shocks.
You are cold-blooded and may be slowed by cold attacks.
Your wings are large and strong.
Your body is slowly deteriorating.
Your flesh is heat resistant.
You passively map a small area around you.


Message History

You feel sick. Snorg bites you.
* * * LOW HITPOINT WARNING * * *
Snorg claws you!
* * * LOW HITPOINT WARNING * * *
Snorg claws you.
* * * LOW HITPOINT WARNING * * *
Drink which item? (? for menu, Esc to quit)
You are confused.
You feel invigorated. Snorg barely misses you. Snorg claws you!
* * * LOW HITPOINT WARNING * * *
Snorg completely misses you. Snorg bites you!
* * * LOW HITPOINT WARNING * * *
Snorg claws you!
* * * LOW HITPOINT WARNING * * *
Snorg claws you!
* * * LOW HITPOINT WARNING * * *
You swing at nothing.
Snorg closely misses you. Snorg claws you but does no damage.
Snorg completely misses you.
You swing at nothing.
Snorg bites you!
You die...

,, P.. , , ....#. , * ##..P#.#,
,###.....:.. ≈ #,........... ,
#.,.......... ,, , ,
+..#.........,#... ≈ ,. .
#..T............. , ....,
#@.............P .....
##.P...........≈P≈ ......,
#..............≈P≈ *#...#.
#.!P####.##....≈≈≈
###.....######.###.####....P#≈.
##P...P.+.##...)#....##.........
##.......................P###.#..
#........................##
....................†.....### ,


You could see Snorg (berserk).

Vanquished Creatures
  Josephine (D:9)
  A hydra (Lair:2)
  Fannar (D:10)
  Urug (D:10)
  Erolcha (D:10)
  2 griffons
  Joseph (D:9)
  A spiny frog (Lair:2)
  3 komodo dragons
  A troll (D:10)
  A polar bear (Lair:2)
  2 two-headed ogres
  A basilisk (Lair:2)
  6 blink frogs
  4 wraiths
  22 yaks
  2 deep elf magi
  A wyvern (Lair:2)
  4 wolves (Lair:2)
  A hungry ghost (D:10)
  The ghost of PolkaDot the Poker, an average OpFi (D:3)
  4 hippogriffs
  6 water moccasins
  18 porcupines
  5 ogres
  5 orc warriors
  2 ice beasts
  12 centaurs
  Sigmund (D:6)
  Duvessa (D:7)
  12 giant frogs
  10 crocodiles
  2 jellies (D:10)
  7 wights (D:9)
  8 killer bees
  2 scorpions
  5 crimson imps
  7 hounds
  Dowan (D:7)
  A goliath beetle (D:7)
  A quasit (D:9)
  4 giant frog zombies
  A centaur skeleton (D:10)
  A giant frog skeleton (D:4)
  Crazy Yiuf (D:5)
  3 orc priests
  6 orc wizards
  7 iguanas
  A killer bee zombie (D:7)
  5 worker ants
  Ijyb (D:5)
  A hound skeleton (D:9)
  3 gnolls (D:8)
  2 worker ant zombies (D:10)
  24 adders
  25 river rats
  A giant mite (D:3)
  A shadow imp (D:8)
  4 worms
  An adder zombie (D:6)
  7 giant geckos
  31 orcs
  3 ball pythons
  7 giant cockroaches
  10 goblins
  20 hobgoblins
  10 jackals
  19 bats
  A giant gecko skeleton (D:5)
  8 giant newts
  18 kobolds
  6 quokkas
  16 rats
  19 plants (Lair:2)
435 creatures vanquished.

Vanquished Creatures (others)
  An orc wizard (D:6)
  3 fungi
4 creatures vanquished.

Grand Total: 439 creatures vanquished

Notes
Turn   | Place    | Note
--------------------------------------------------------------
     0 | D:1      | PolkaDot, the Draconian Monk, began the quest for the Orb.
     0 | D:1      | Reached XP level 1. HP: 19/19 MP: 1/1
   433 | D:1      | Found a sparkling altar of Nemelex Xobeh.
   467 | D:1      | Reached XP level 2. HP: 26/26 MP: 2/2
  1202 | D:2      | Reached XP level 3. HP: 14/31 MP: 3/3
  2054 | D:2      | Reached XP level 4. HP: 40/40 MP: 4/4
  2157 | D:2      | Reached skill level 5 in Unarmed Combat
  2301 | D:2      | You fall through a shaft!
  2352 | D:3      | Found a glowing drain.
  2356 | Sewer    | Entered a sewer
  2423 | Sewer    | Noticed a crocodile
  2438 | Sewer    | Killed a crocodile
  2438 | Sewer    | Reached XP level 5. HP: 13/47 MP: 5/5
  2668 | D:3      | Noticed PolkaDot's ghost (average OpFi)
  2693 | D:3      | Killed PolkaDot's ghost
  2693 | D:3      | Reached skill level 6 in Unarmed Combat
  2693 | D:3      | Reached XP level 6. HP: 38/53 MP: 6/6
  3623 | D:4      | Reached skill level 5 in Fighting
  3770 | D:4      | Found a staircase to the Ecumenical Temple.
  3782 | Temple   | Entered the Ecumenical Temple
  3951 | Temple   | Became a worshipper of Dithmenos the Shadowed
  3951 | Temple   | Acquired Dithmenos' first power
  3995 | D:4      | Found Zadizo's Book Emporium.
  4198 | D:4      | Your scales start taking on a glossy black colour.
  4198 | D:4      | Gained mutation: You are resistant to electric shocks. [draconian maturity]
  4198 | D:4      | Reached XP level 7. HP: 61/61 MP: 7/7
  4771 | D:5      | Entered Level 5 of the Dungeon
  4791 | D:5      | Noticed Ijyb
  4804 | D:5      | Killed Ijyb
  5127 | D:5      | Reached skill level 7 in Unarmed Combat
  5355 | D:5      | Noticed Crazy Yiuf
  5361 | D:5      | Killed Crazy Yiuf
  5669 | D:6      | Found Puwis' Practical Paraphernalia.
  5704 | D:6      | Reached skill level 5 in Dodging
  5704 | D:6      | Reached XP level 8. HP: 70/70 MP: 8/8
  5802 | D:6      | Found a deep blue altar of Sif Muna.
  5942 | D:6      | Noticed Sigmund
  5949 | D:6      | Gained mutation: You passively map a small area around you. [potion of mutation]
  5949 | D:6      | Gained mutation: Your body is slowly deteriorating. [potion of mutation]
  5949 | D:6      | Gained mutation: Your wings are large and strong. [potion of mutation]
  5959 | D:6      | Killed Sigmund
  5996 | D:6      | Acquired Dithmenos' second power
  6110 | D:6      | Reached skill level 8 in Unarmed Combat
  6644 | D:6      | Identified Sif Muna's Reference Book on Confrontation (You found it on level 6 of the Dungeon)
  7048 | D:7      | Reached skill level 9 in Unarmed Combat
  7257 | D:7      | Noticed Duvessa
  7259 | D:7      | Noticed Dowan
  7276 | D:7      | Killed Duvessa
  7276 | D:7      | Reached XP level 9. HP: 51/79 MP: 9/9
  7276 | D:7      | Killed Dowan
  7923 | D:7      | Acquired Dithmenos' third power
  9161 | D:8      | Reached skill level 10 in Unarmed Combat
 10135 | D:9      | Noticed Joseph
 10491 | D:9      | Found a staircase to the Orcish Mines.
 10581 | D:9      | Killed Joseph
 10581 | D:9      | Reached XP level 10. HP: 51/90 MP: 10/10
 10763 | D:9      | Reached skill level 11 in Unarmed Combat
 11029 | D:10     | Entered Level 10 of the Dungeon
 11568 | D:10     | Noticed Erolcha
 11630 | D:10     | Noticed Josephine
 11641 | D:10     | Noticed Nergalle
 11695 | D:10     | Noticed Urug
 11695 | D:10     | HP: 1/91 [Urug/javelin (16)]
 12247 | D:10     | Noticed Fannar
 12290 | D:10     | Found a staircase to the Lair.
 12296 | D:10     | Killed Fannar
 12660 | D:9      | Killed Josephine
 12660 | D:9      | Reached skill level 12 in Unarmed Combat
 12895 | D:10     | Reached skill level 10 in Fighting
 13284 | D:10     | Killed Erolcha
 13284 | D:10     | Reached XP level 11. HP: 86/99 MP: 11/11
 13432 | D:10     | Acquired Dithmenos' fourth power
 14198 | D:10     | Killed Urug
 14430 | D:10     | Reached skill level 13 in Unarmed Combat
 14772 | D:10     | Learned a level 4 spell: Control Teleport
 14888 | D:10     | Noticed a spectral orc warlord
 15358 | Lair:1   | Entered Level 1 of the Lair of Beasts
 15358 | Lair:1   | Noticed an eight-headed hydra
 15613 | Lair:1   | Noticed a seven-headed hydra
 16688 | Lair:2   | Gained mutation: Your flesh is heat resistant. [potion of beneficial mutation]
 16935 | Lair:2   | Identified 2 scrolls of acquirement
 16936 | Lair:2   | Got a faintly humming cloak
 16954 | Lair:2   | Identified the +0 cloak of the Orb Guardian {+Inv Str+3 Dex-5} (You acquired it on level 2 of the Lair of Beasts)
 17060 | Lair:2   | Reached skill level 1 in Evocations
 17856 | Lair:2   | Noticed an eight-headed hydra
 17865 | Lair:2   | Killed an eight-headed hydra
 17865 | Lair:2   | Reached XP level 12. HP: 21/108 MP: 15/17
 18060 | Lair:2   | Reached skill level 14 in Unarmed Combat
 19717 | Lair:3   | Reached skill level 10 in Dodging
 20382 | Lair:3   | You fall through a shaft for 3 floors!
 20434 | Lair:6   | Reached skill level 5 in Evocations
 20552 | Lair:6   | Noticed Snorg
 20565 | Lair:6   | Slain by Snorg

Action                   |  1- 3 |  4- 6 |  7- 9 | 10-12 || total
-------------------------+-------+-------+-------+-------++-------
Melee: Unarmed           |   152 |   212 |   503 |   945 ||  1812
 Abil: Breathe Lightning |       |       |    12 |    24 ||    36
       Fly               |       |       |     2 |     3 ||     5
       Evoke Invisibilit |       |       |       |     1 ||     1
Evoke: Wand              |       |       |     5 |    14 ||    19
  Use: Scroll            |     3 |     6 |    11 |    15 ||    35
       Potion            |     1 |     3 |    12 |     8 ||    24
 Stab: Invisible         |     5 |       |       |       ||     5
       Sleeping          |     2 |     4 |     5 |     9 ||    20
       Distracted        |       |     1 |     1 |       ||     2
       Paralysed         |       |       |       |     4 ||     4
       Fleeing           |       |       |       |     1 ||     1
  Eat: Chunk             |     4 |     7 |    20 |    23 ||    54
       Bread ration      |       |       |     1 |     3 ||     4
       Pizza             |       |       |       |     1 ||     1
